 Dungeon Crawl Stone Soup version 0.32-a0-999-gfa1cc04b1d (webtiles) character file.

Game seed: 10154062837650894809

140 Lavandula the Conjurer (level 5, 0/42 HPs)
             Began as a Naga Conjurer on Apr 22, 2024.
             Slain by Eustachio
             ... wielding a +2 falchion of pain
              (1 damage)
             ... on level 4 of the Dungeon on Apr 25, 2024.
             The game lasted 00:07:50 (3518 turns).

Lavandula the Conjurer (Naga Conjurer)              Turns: 3518, Time: 00:07:52

Health: 0/42       AC:  3    Str:  9    XL:     5   Next: 23%
Magic:  9/9        EV:  8    Int: 21    God:
Gold:   139        SH:  0    Dex:  9    Spells: 3/10 levels left

rFire   . . .        t - +0 spear
rCold   . . .        (no shield)
rNeg    . . .        a - +0 robe
rPois   +            c - +0 helmet
rElec   .            (no cloak)
rCorr   .            (no gloves)
SInv    +            (no barding)
Will    .....        (no amulet)
Stlth   ++           (no ring)
HPRegen 0.27/turn    (no ring)
MPRegen 0.11/turn

%: no passive effects
@: short of breath, attractive, very slow
A: AC +1, large, see invisible, deformed body, poison resistance, slowness 2,
spit poison 1, naga tail 1
a: Spit Poison


You were on level 4 of the Dungeon.
You visited 1 branch of the dungeon, and saw 4 of its levels.

You collected 139 gold pieces.

Inventory:

Hand Weapons
 t - a +0 spear (weapon)
Armour
 a - a +0 robe (worn)
 c - a +0 helmet (worn)
Scrolls
 d - 2 scrolls of fear {unknown}
 e - 2 scrolls of poison {unknown}
 h - 4 scrolls of identify {unknown}
 i - 2 scrolls of fog {unknown}
 j - a scroll of vulnerability {unknown}
 k - a scroll of summoning {unknown}
 l - a scroll of torment {unknown}
 p - a scroll of immolation {unknown}
 q - a scroll of teleportation {unknown}
 s - a scroll of enchant weapon {unknown}
Potions
 f - a potion of heal wounds {unknown}
 g - 2 potions of attraction
 m - 3 potions of enlightenment {unknown}
 n - 2 potions of ambrosia {unknown}
 o - 4 potions of might {unknown}
 r - a potion of mutation {unknown}


   Skills:
 - Level 1.5 Dodging
 - Level 3.0 Stealth
 - Level 3.2 Spellcasting
 + Level 5.7 Conjurations


You had 3 spell levels left.
You knew the following spells:

 Your Spells              Type           Power      Damage    Failure   Level
a - Magic Dart            Conj           100%       1d8       1%          1
b - Searing Ray           Conj           54%        2d6       1%          2
c - Fulminant Prism       Conj/Alch      7%         3d7       38%         4

Your spell library contained the following spells:

 Spells                   Type           Power      Damage    Failure   Level
 Cigotuvi's Dreadful Rot  Necr/Alch/Air  6%         N/A       21%         2
 Iskenderun's Mystic Bla Conj/Tloc 15%            2d5        (+2d2     38%         4
 Dispel Undead            Necr           3%         3d7       78%         4
 Martyr's Knell           Necr/Summ      3%         N/A       78%         4


Dungeon Overview and Level Annotations

Branches:
Dungeon (4/15)
 Temple: D:4-7

Altars:
Elyvilon

Annotations:
D:4 Eustachio


Innate Abilities, Weirdness & Mutations

Your serpentine skin is tough. (AC +1)
You have supernaturally acute eyesight. (SInv)
Armour fits poorly on your strangely shaped body.
Your system is resistant to poisons. (rPois)
You cover ground very slowly.
You can spit poison.
You have a snake-like lower body.


Message History

Eustachio is severely wounded.
The bat hits you but does no damage. Eustachio barely misses you.
The bat barely misses you.
The searing ray hits Eustachio.
Eustachio is severely wounded.
The bat barely misses you.
Eustachio hits you with a +2 falchion of pain!
The bat hits you but does no damage.
You aren't carrying any items that you can evoke.
Unknown command.
Magic courses through your body.
You have got your breath back.
The bat barely misses you.
Eustachio hits you with a +2 falchion of pain!
* * * LOW HITPOINT WARNING * * *
You writhe in agony.
* * * LOW HITPOINT WARNING * * *
The bat barely misses you.
Aiming: Spit Poison (1% risk of failure)
Press: ? - help, Shift-Dir - straight line, f/p - Eustachio
Aim: Eustachio, wielding a +2 falchion of pain, wearing a +0 leather armour and carrying a wand of warping (severely wounded, 45% to hit)
The splash of poison hits Eustachio but does no damage.
Eustachio is severely wounded.
The bat hits you.
* * * LOW HITPOINT WARNING * * *
The bat closely misses you.
Eustachio gestures wildly while chanting.
The bat barely misses you.
Unknown command.
You aren't carrying any items that you can evoke.
Unknown command.
Okay, then.
It was a potion of attraction.
You feel attractive to monsters. The bat hits you but does no damage.
Eustachio hits you with a +2 falchion of pain!
* * * LOW HITPOINT WARNING * * *
You writhe in agony.
You die...
Eustachio says, "Such is the fate of all honourless rascals."

#..........#
...........#
...w.......# ........./.
##.. .......... .###..#
......5.. ......#
#.......# #.....#
#.....@@# ##..#..#
.....5#b## #...#..#
....###..### ##..##..###
..####.....###...#.<...#
# ##................##..
#...............###
#####..######..## #.##
#.## #.## ##.#


You could see Eustachio, an iron imp (summoned), a crimson imp (summoned), a
dart slug and a bat (summoned).

Vanquished Creatures
  4 adders (D:3)
  3 gnolls
  A ribbon worm (D:2)
  An orc (D:3)
  5 ball pythons
  8 bats
  6 endoplasms
  6 giant cockroaches
  7 goblins
  4 hobgoblins
  4 jackals (D:3)
  3 quokkas
  3 frilled lizards
  7 kobolds
  6 rats
68 creatures vanquished.

Notes
Turn   | Place    | Note
-------+----------+-------------------------------------------
     0 | D:1      | Lavandula the Naga Conjurer began the quest for the Orb.
     0 | D:1      | Reached XP level 1. HP: 15/15 MP: 3/3
   130 | D:1      | Reached XP level 2. HP: 22/22 MP: 2/5
   505 | D:1      | Reached XP level 3. HP: 14/28 MP: 0/7
   508 | D:1      | Learned a level 2 spell: Searing Ray
  1351 | D:2      | Upgraded the game from 0.32-a0-996-gb3226c233f to
                  | 0.32-a0-999-gfa1cc04b1d
  2352 | D:3      | Reached XP level 4. HP: 36/36 MP: 5/8
  2357 | D:3      | Learned a level 4 spell: Fulminant Prism
  2832 | D:3      | Reached skill level 5 in Conjurations
  2954 | D:3      | Found a white marble altar of Elyvilon.
  2959 | D:3      | Identified the +4 hand axe of Qetiptyu {freeze, rC+ SInv}
  3146 | D:3      | Reached XP level 5. HP: 40/42 MP: 4/9
  3505 | D:4      | Noticed Eustachio
  3518 | D:4      | HP: 1/42 [Eustachio/+2 falchion of pain (9)]
  3518 | D:4      | Slain by Eustachio

Illustrated notes

Levels and vault maps discovered:
D:1:      sevenhm_arrival_forest_fort_large_4, layout_basic, minmay_domino_2
D:2:      layout_loops_ring, serial_forest, infiniplex_forest_lined_room_2,
          infiniplex_forest_lined_3, infiniplex_forest_end_1,
          infiniplex_forest_clump_small, infiniplex_forest_lined_2,
          infiniplex_forest_fountain, infiniplex_forest_clump_tiny
D:3:      layout_basic, overflow_temple_1_default, minmay_misc_feat_rows,
          patterned_corridor
D:4:      layout_layer_cave, lemuel_coloured_pillars_altar,
          mainiacjoe_overflow_tiny_flanked, st_stairs_4,
          chequers_serial_rivers_large_a, uniq_eustachio

Skill      XL: |  1  2  3  4 |
---------------+-------------+-----
Spellcasting   | 3 |  3.2
Conjurations   | 5 |  5.7
Dodging        | |  1.5
Stealth        | |  3.0

Action                     |  1- 3 |  4- 6 || total
---------------------------+-------+-------++-------
   Cast: Magic Dart        |    47 |    29 ||    76
         Searing Ray       |     3 |     7 ||    10
Ability: Spit Poison       |    19 |     8 ||    27
    Use: Potion            |       |     2 ||     2
 Armour: Robe              |     6 |    22 ||    28
  Dodge: Dodged            |     5 |    14 ||    19

Table legend: (Time is in decaauts)
 A = Elapsed time spent in this place.
 B = Non-inter-level travel time spent in this place.
 C = Inter-level travel time spent in this place.
 D = Time resting spent in this place.
 E = Time spent auto-exploring this place.
 F = Levels seen in this place.
 G = Mean time per level.
                   A        B        C        D        E       F      G
               +--------+--------+--------+--------+--------+-----+--------+
         Total |   4465 |   4334 |    131 |     10 |   3963 |   4 | 1116.2 |
       Dungeon |   4465 |   4334 |    131 |     10 |   3963 |   4 | 1116.2 |
               +--------+--------+--------+--------+--------+-----+--------+

Top non-repeatable levels by time:
     D:1: 1597 daAuts
     D:2: 1428 daAuts
     D:3: 1348 daAuts
     D:4: 91 daAuts
